 Dungeon Sprint DCSS version 0.29-a0-362-g5854e031c7 (webtiles) character file.

Game seed: 3690735562313593610

39553 mhtbhm the Shatterer (level 14, -9/114 HPs)
             Began as a Gargoyle Berserker on Apr 29, 2022.
             Was the Champion of Trog.
             Mangled by a salamander
             ... wielding a +1 halberd
              (13 damage)
             ... in the Dungeon (Sprint IX: "|||||||||||||||||||||||||||||").
             The game lasted 00:07:20 (3935 turns).

mhtbhm the Shatterer (Gargoyle Berserker)           Turns: 3935, Time: 00:07:20

Health: -9/114     AC: 35    Str: 26    XL:     14   Next: 7%
Magic:  14/14      EV: 13    Int:  8    God:    Trog [******]
Gold:   872        SH:  0    Dex: 12    Spells: 13/13 levels left

rFire   . . .      SeeInvis .   a - +7 dire flail (flame)
rCold   . . .      Faith    .   (shield currently unavailable)
rNeg    + . .      Spirit   .   b - +3 chain mail
rPois   ∞          Reflect  .   k - +0 helmet "Kuqyvij" {Dex+3}
rElec   +          Harm     .   y - +0 cloak
rCorr   .          Rampage  .   E - +1 pair of gloves
Will    +....      NoTele   +   r - +0 pair of boots
Stlth   ..........              (no amulet)
HPRegen 0.29/turn               m - +2 ring of evasion
MPRegen 0.14/turn               n - +2 ring of evasion

@: on berserk cooldown, flying, slowed, constricted, studying Throwing, very
slow
A: sickness immunity, AC +10, big wings, negative energy resistance 1,
electricity resistance, torment resistance 1, petrification resistance
a: Renounce Religion, Berserk, Trog's Hand, Brothers in Arms


You were in the Dungeon.
You worshipped Trog.
Trog was exalted by your worship.
You visited 1 branch You collected 1862 gold pieces.
You spent 990 gold pieces at shops.

Inventory:

Hand Weapons
 a - a +7 dire flail of flaming (weapon)
 C - the +1 morningstar of the Desolation of Salt {spect, rF++ Str+4 SInv}
   (You found it in the Dungeon)

   When its wielder attacks, the weapon's spirit leaps out and strikes again.
   The spirit shares a part of any damage it takes with its wielder.
   Str:       It affects your strength (+4).
   rF:        It greatly protects you from fire.
   SInv:      It lets you see invisible.
 D - the +8 demon blade "Leech" {vamp, Harm Drain rN+}
   (You found it in the Dungeon)

   It heals its wielder for a portion of the damage dealt every time it strikes
   a living foe.
   rN:        It protects you from negative energy.
   Drain:     It drains your maximum health when unequipped.
   Harm:      It increases damage dealt and taken.
 F - the +10 executioner's axe of Recklessness {vorpal, rPois rN+ Will-}
   (Trog gifted it to you in the Dungeon)

   It inflicts extra damage upon your enemies.
   rPois:     It protects you from poison.
   rN:        It protects you from negative energy.
   Will:      It decreases your willpower.
Missiles
 o - 9 boomerangs (quivered)
Armour
 b - a +3 chain mail (worn)
 k - the +0 helmet "Kuqyvij" (worn) {Dex+3}
   (You found it in the Dungeon)

   Dex:       It affects your dexterity (+3).
 r - a +0 pair of boots (worn)
 y - a +0 cloak (worn)
 E - a +1 pair of gloves (worn)
Jewellery
 m - a +2 ring of evasion (left hand)
 n - a +2 ring of evasion (right hand)
 z - a ring of see invisible
 A - a ring of fire
 B - a ring of willpower
Wands
 j - a wand of acid (10)
Scrolls
 h - a scroll of blinking
 l - 2 scrolls of enchant armour
 q - a scroll of silence
 s - 5 scrolls of identify
 t - 7 scrolls of enchant weapon
 u - 3 scrolls of fog
 v - a scroll of fear
 x - a scroll of immolation
Potions
 c - 6 potions of curing
 d - a potion of heal wounds
 e - 4 potions of haste
 f - 4 potions of magic
 g - 2 potions of berserk rage
 i - a potion of invisibility
 p - 3 potions of might
 w - 2 potions of mutation


   Skills:
 + Level 23.5 Fighting
 + Level 23.7 Maces & Flails
 + Level 17.5 Armour
 + Level 9.4 Dodging
 + Level 5.3 Stealth


You had 13 spell levels left.
You didn't know any spells.
Your spell library was empty.

Dungeon Overview and Level Annotations

Branches:
Dungeon (1/1)

Altars:
Cheibriados
Dithmenos
Elyvilon
Fedhas
Gozag
Hepliaklqana
Kikubaaqudgha
Makhleb
Nemelex Xobeh
Okawaru
Qazlal
Ru
Sif Muna
Trog
Uskayaw
Vehumet
Wu Jian
Xom
Yredelemnul
Zin
The Shining One
Beogh
Jiyva
Lugonu

Shops:
D :(?[


Innate Abilities, Weirdness & Mutations

You are immune to sickness and miasma.
Your stone body is resilient. (AC +10)
You are immune to poison.
Your large and strong wings let you fly.
You resist negative energy. (rN+)
You are resistant to electric shocks. (rElec)
You are resistant to unholy torment.
You are immune to petrification.


Message History

The splash of poison misses you.
The naga mage casts a spell.
The naga mage seems to speed up.
An anaconda comes into view.
You are no longer berserk.
You are exhausted.
You feel yourself slow down.
The anaconda hisses angrily.
You sock the naga warrior! You burn the naga warrior!
The naga warrior is moderately wounded.
The naga warrior hits you but does no damage.
The naga warrior grabs you. The naga warrior constricts you.
You impale the naga warrior!! You burn the naga warrior!
The naga warrior is severely wounded.
The naga warrior hits you but does no damage.
The naga warrior constricts you.
You hit the naga warrior. You burn the naga warrior.
The naga warrior is almost dead.
The salamander hits you from afar with a +1 halberd.
You are engulfed in flames!
The naga warrior hits you but does no damage.
The naga warrior constricts you.
You hit the naga warrior but do no damage.
The naga warrior is almost dead.
The salamander hits you from afar with a +1 halberd!
You are engulfed in flames!
The naga warrior roars a battlecry!
The nagas go into a battle-frenzy!
The naga warrior constricts you.
Your cyclops goes berserk!
The salamander hits you from afar with a +1 halberd!
You are engulfed in flames!
* * * LOW HITPOINT WARNING * * *
The naga warrior hits you with a +0 halberd of protection.
* * * LOW HITPOINT WARNING * * *
The naga warrior constricts you.
The salamander hits you from afar with a +1 halberd!!
* * * LOW HITPOINT WARNING * * *
You are engulfed in flames!
You die...

,*,*,*,*,*,*,*,*+▓.▓.▓.▓.▓.▓.▓.▓.
+*,*,*,*,*,*,*,▓.▓.▓.▓.▓.▓.▓'▓.▓.
,*,*,*,*,*,*,*,▓S▓.▓.▓.▓)▓.▓.▓.▓)
,*,*,*,*,*,*,*,▓N▓.▓.▓.▓∩▓.▓.▓.▓)
,*,*,*,*,*,*,*,▓S▓.▓.▓.▓.▓.▓.▓.▓'
,*,*,*,*,*,*,*,▓N▓)▓.▓.▓∩▓.▓.▓.▓.
,*,*+*,*,*,*,*,▓N▓.▓.▓.▓.▓.▓.▓.▓.
,*,*,*,*,*,*,*,▓N▓.▓.▓.▓∩▓.▓.▓.▓.
,*,*,*,*,*,*,*,▓@▓.▓)▓.▓.▓.▓.▓.▓[
,*,*,*,*,*,*,*,▓C▓.▓[▓.▓∩▓.▓.▓.▓.
,*,*,*,*,*,*,*,▓†▓.▓.▓.▓.▓.▓.▓.▓)
,*,*,*,*,*,*,*,♣)♣.▓[▓.▓.▓.▓†▓.▓)
,*,*,*,*,*,*,*,♣.♣.▓)▓.▓.▓.▓.▓.▓?
,*,*,*,*,*,*,*,♣.♣.▓)▓.▓)▓.▓)▓.▓.
,*,*,*,*,*,*,*,♣.♣.▓)▓.▓)▓.▓'▓.▓'
,*,*,*,*,*,*,*,♣.♣.▓.▓.▓)▓.▓.▓.▓_
,*,*,*,*,*,*,*,♣)♣.▓.▓)▓)▓.▓.▓.▓_


You could see a naga warrior (ally target), a salamander (strong), an anaconda,
a shock serpent, a naga mage (fast, strong), a naga (strong) and a friendly
cyclops (summoned, berserk).

Vanquished Creatures
  Aizul (D)
  A frost giant (D)
  An eleionoma (D)
  An entropy weaver (D)
  An ettin (D)
  A ghost crab (D)
  Erolcha (D)
  2 centaur warriors (D)
  A hydra (D)
  2 radroaches (D)
  A merfolk aquamancer (D)
  A merfolk avatar (D)
  An alligator (D)
  4 death yaks (D)
  A shock serpent (D)
  A hell knight (D)
  4 orc high priests (D)
  2 pharaoh ants (D)
  A spriggan druid (D)
  A sea snake (D)
  5 orc knights (D)
  2 deep elf pyromancers (D)
  A wizard (D)
  A wolf spider (D)
  A mana viper (D)
  3 manticores (D)
  3 will-o-the-wisps (D)
  2 cyclopes (D)
  Joseph (D)
  A merfolk siren (D)
  A black mamba (D)
  A gargoyle (D)
  3 cane toads (D)
  2 rime drakes (D)
  3 komodo dragons (D)
  A yaktaur (D)
  A meliai (shapeshifter) (D)
  A tengu conjurer (D)
  A merfolk (D)
  2 trolls (D)
  A polar bear (D)
  A tarantella (D)
  A snapping turtle (D)
  A shadow (D)
  Eustachio (D)
  A wraith (D)
  2 wyverns (D)
  8 yaks (D)
  Grum (D)
  A basilisk (D)
  2 vampire mosquitoes (D)
  2 water moccasins (D)
  13 orc warriors (D)
  2 wolves (D)
  A bullfrog (D)
  A scorpion (D)
  5 orc priests (D)
  4 orc wizards (D)
  2 adders (D)
  4 orcs (D)
  An endoplasm (D)
  A jackal (D)
  A quokka (D)
  A ball python (D)
  A kobold (D)
  A rat (D)
125 creatures vanquished.

Vanquished Creatures (collateral kills)
  A fire dragon (D)
  3 orc high priests (D)
  A spriggan berserker (D)
  3 orc knights (D)
  A cyclops (D)
  A tarantella (D)
  A meliai (D)
  An orc warrior (D)
12 creatures vanquished.

Vanquished Creatures (others)
  A swamp drake (D)
  3 foxfires (D)
4 creatures vanquished.

Grand Total: 141 creatures vanquished

Notes
Turn   | Place    | Note
-------+----------+-------------------------------------------
     0 | D        | mhtbhm the Gargoyle Berserker began the quest for the Orb.
     0 | D        | Reached XP level 1. HP: 14/14 MP: 1/1
     8 | D        | Reached ** piety under Trog
    42 | D        | Noticed a scorpion
    46 | D        | Reached XP level 2. HP: 20/20 MP: 2/2
    46 | D        | Reached *** piety under Trog
    47 | D        | Reached skill level 5 in Fighting
    49 | D        | Reached XP level 3. HP: 26/26 MP: 3/3
    52 | D        | Killed a scorpion
    53 | D        | Reached XP level 4. HP: 32/32 MP: 4/4
    58 | D        | Found a snail-covered altar of Cheibriados.
    58 | D        | Found a shadowy altar of Dithmenos.
    58 | D        | Found a white marble altar of Elyvilon.
    58 | D        | Found a blossoming altar of Fedhas.
    58 | D        | Found an opulent altar of Gozag.
    59 | D        | Found a hazy altar of Hepliaklqana.
    60 | D        | Found a viscous altar of Jiyva.
    61 | D        | Found an ancient bone altar of Kikubaaqudgha.
    62 | D        | Found a corrupted altar of Lugonu.
    63 | D        | Found a burning altar of Makhleb.
    64 | D        | Found a sparkling altar of Nemelex Xobeh.
    65 | D        | Found an iron altar of Okawaru.
    66 | D        | Found a stormy altar of Qazlal.
    67 | D        | Found a sacrificial altar of Ru.
    68 | D        | Found a shimmering blue altar of Sif Muna.
    69 | D        | Found a bloodstained altar of Trog.
    70 | D        | Found a hide-covered altar of Uskayaw.
    71 | D        | Found a radiant altar of Vehumet.
    72 | D        | Found an ornate altar of the Wu Jian Council.
    73 | D        | Found a shimmering altar of Xom.
    74 | D        | Found a basalt altar of Yredelemnul.
    75 | D        | Found a glowing silver altar of Zin.
    76 | D        | Found a glowing golden altar of the Shining One.
   233 | D        | Noticed a yak
   233 | D        | Noticed an orc warrior
   233 | D        | Noticed a shadow
   233 | D        | Noticed a yak
   233 | D        | Noticed an orc warrior
   238 | D        | Killed an orc warrior
   238 | D        | Reached **** piety under Trog
   239 | D        | Reached XP level 5. HP: 39/39 MP: 5/5
   243 | D        | Killed a yak
   244 | D        | Reached skill level 5 in Armour
   244 | D        | Reached XP level 6. HP: 46/46 MP: 6/6
   245 | D        | Killed a shadow
   246 | D        | Reached skill level 10 in Fighting
   246 | D        | Reached XP level 7. HP: 52/52 MP: 7/7
   252 | D        | Reached skill level 10 in Maces & Flails
   266 | D        | Reached ***** piety under Trog
   279 | D        | Killed a yak
   280 | D        | Reached skill level 5 in Dodging
   579 | D        | Noticed a wraith
   579 | D        | Noticed a cyclops
   579 | D        | Noticed a vampire mosquito
   579 | D        | Noticed a troll
   579 | D        | Noticed a gargoyle
   579 | D        | Noticed a troll
   582 | D        | Killed a troll
   583 | D        | Reached XP level 8. HP: 60/60 MP: 8/8
   584 | D        | Killed a gargoyle
   589 | D        | Killed a troll
   595 | D        | Killed a cyclops
   596 | D        | Reached XP level 9. HP: 67/67 MP: 9/9
   795 | D        | Noticed a cane toad
   795 | D        | Noticed a komodo dragon
   795 | D        | Noticed a polar bear
   795 | D        | Noticed a cane toad
   795 | D        | Noticed a komodo dragon
   800 | D        | Killed a komodo dragon
   800 | D        | Noticed a cane toad
   801 | D        | Killed a cane toad
   801 | D        | Received a gift from Trog
   804 | D        | Killed a polar bear
   804 | D        | Reached ****** piety under Trog
   809 | D        | Killed a komodo dragon
   810 | D        | Reached skill level 15 in Maces & Flails
   810 | D        | Reached skill level 10 in Armour
   814 | D        | Killed a cane toad
   815 | D        | Reached XP level 10. HP: 75/75 MP: 10/10
   817 | D        | Killed a cane toad
   883 | D        | Noticed a five-headed hydra
   890 | D        | Killed a five-headed hydra
   904 | D        | Received a gift from Trog
   915 | D        | Reached skill level 15 in Fighting
   995 | D        | Noticed a death yak
   995 | D        | Noticed a death yak
   998 | D        | Noticed a death yak
  1003 | D        | Noticed a death yak
  1007 | D        | Killed a death yak
  1008 | D        | Reached XP level 11. HP: 82/82 MP: 11/11
  1016 | D        | Killed a death yak
  1016 | D        | Received a gift from Trog
  1023 | D        | Killed a death yak
  1030 | D        | Killed a death yak
  1082 | D        | Noticed Eustachio
  1086 | D        | Killed Eustachio
  1172 | D        | Received a gift from Trog
  1185 | D        | Noticed an orc high priest
  1199 | D        | Noticed a sun demon
  1200 | D        | Received a gift from Trog
  1219 | D        | Killed an orc high priest
  1419 | D        | Noticed an orc knight
  1430 | D        | Received a gift from Trog
  1442 | D        | Killed an orc knight
  1461 | D        | Received a gift from Trog
  1528 | D        | Found Ifyrhey's Antique Armour Boutique.
  1528 | D        | Noticed an orc knight
  1528 | D        | Noticed an orc high priest
  1528 | D        | Noticed an orc high priest
  1528 | D        | Noticed an orc knight
  1528 | D        | Noticed an orc knight
  1529 | D        | Noticed an orc knight
  1531 | D        | Noticed a soul eater
  1534 | D        | Killed an orc knight
  1535 | D        | Reached skill level 1 in Stealth
  1535 | D        | Noticed an orc high priest
  1538 | D        | Killed an orc knight
  1539 | D        | Found Fasagg's Magic Scroll Shop.
  1539 | D        | Noticed an orc high priest
  1543 | D        | Killed an orc high priest
  1545 | D        | Killed an orc high priest
  1546 | D        | Reached XP level 12. HP: 92/92 MP: 12/12
  1546 | D        | Noticed a sun demon
  1547 | D        | Found Wouz's Antique Weapon Boutique.
  1549 | D        | Noticed an orc high priest
  1550 | D        | HP: 2/92 [orc knight/+1 bardiche of freezing (6)]
  1565 | D        | Killed an orc high priest
  1565 | D        | Received a gift from Trog
  1569 | D        | Killed an orc high priest
  1575 | D        | Killed an orc high priest
  1753 | D        | Noticed an orc high priest
  1762 | D        | Killed an orc high priest
  1917 | D        | Found Astynump's Book Shop.
  1964 | D        | Bought a scroll of identify for 20 gold pieces
  1964 | D        | Bought a scroll of fog for 20 gold pieces
  1964 | D        | Bought a scroll of magic mapping for 35 gold pieces
  1964 | D        | Bought a scroll of enchant weapon for 75 gold pieces
  1964 | D        | Bought a scroll of fog for 20 gold pieces
  1972 | D        | Bought a manual of Throwing for 800 gold pieces
  1976 | D        | Bought a scroll of identify for 20 gold pieces
  2179 | D        | Noticed Erolcha
  2179 | D        | Noticed Joseph
  2185 | D        | Killed Erolcha
  2193 | D        | Killed Joseph
  2196 | D        | Noticed Grum
  2202 | D        | Killed Grum
  2202 | D        | Received a gift from Trog
  2277 | D        | Found the +8 demon blade "Leech" {vamp, Harm Drain rN+}
  2375 | D        | Got the +1 morningstar of the Desolation of Salt {spect,
                  | rF++ Str+4 SInv}
  2431 | D        | Got the +0 helmet "Kuqyvij" {Dex+3}
  2455 | D        | Noticed a centaur warrior
  2455 | D        | Noticed a centaur warrior
  2459 | D        | Killed a centaur warrior
  2466 | D        | Killed a centaur warrior
  2467 | D        | Reached skill level 15 in Armour
  2467 | D        | Noticed a fire dragon
  2470 | D        | Received a gift from Trog
  2470 | D        | Noticed a spriggan berserker
  2475 | D        | Noticed a frost giant
  2481 | D        | Killed a fire dragon
  2482 | D        | Reached XP level 13. HP: 88/102 MP: 13/13
  2495 | D        | Killed a frost giant
  2526 | D        | Received a gift from Trog
  2530 | D        | Noticed an ettin
  2567 | D        | Killed an ettin
  2946 | D        | Noticed Aizul
  2961 | D        | Killed Aizul
  2961 | D        | Received a gift from Trog
  3113 | D        | Identified the +10 executioner's axe of Recklessness
                  | {vorpal, rPois rN+ Will-} (Trog gifted it to you in the
                  | Dungeon)
  3113 | D        | Received a gift from Trog
  3128 | D        | Reached skill level 5 in Stealth
  3290 | D        | Noticed an entropy weaver
  3300 | D        | Received a gift from Trog
  3314 | D        | Killed an entropy weaver
  3318 | D        | HP: 2/106 [meliai/divine providence (8)]
  3331 | D        | Received a gift from Trog
  3737 | D        | Noticed an eleionoma
  3742 | D        | Killed an eleionoma
  3745 | D        | Received a gift from Trog
  3779 | D        | Gained mutation: Your large and strong wings let you fly.
                  | [Gargoyle growth]
  3779 | D        | Reached XP level 14. HP: 72/114 MP: 14/14
  3920 | D        | Received a gift from Trog
  3935 | D        | HP: 4/114 [salamander/+1 halberd (20)]
  3935 | D        | Mangled by a salamander

Illustrated notes

Levels and vault maps discovered:
D:        linesprint [early_d, line_temple, items_1, d_10, items_2, lair_1,
          lair_end, items_3, orc_1, orc_end, items_4, d_15, swamp_1, shoals_1,
          snake_1, spider_1, d_20, vaults_1, items_5, swamp_end, shoals_end,
          snake_end, spider_end, vaults_end, d_27, items_6, zot_1, zot_end,
          crypt_end, forest_end, elf_end, slime_end, tomb_end, abyss_end,
          pan_hell_end]

Skill      XL: |  1  2  3  4  5  6  7  8  9 10 11 12 13 |
---------------+----------------------------------------+-----
Fighting       | 4 5 6 7 9 10 11 12 14 15 18 20 23 | 23.5
Maces & Flails | 4 6 7 8 9 11 13 15 17 19 21 23 | 23.7
Dodging        | 2 3 4 5 6 7 8 9 |  9.4
Armour         | 3 4 5 7 8 10 11 13 15 17 | 17.5
Stealth        | 1 3 5 |  5.3

Action                   |  1- 3 |  4- 6 |  7- 9 | 10-12 | 13-15 || total
-------------------------+-------+-------+-------+-------+-------++-------
Melee: Mace              |    18 |       |       |       |       ||    18
       Dire flail        |       |    10 |    59 |   240 |   147 ||   456
Invok: Berserk           |     1 |     1 |     2 |     7 |     2 ||    13
       Brothers in Arms  |       |       |       |     3 |     2 ||     5
  Use: Potion            |       |       |     1 |     2 |     1 ||     4
       Scroll            |       |       |       |     2 |       ||     2
Armor: Animal skin       |     6 |       |       |       |       ||     6
       Chain mail        |       |     3 |    23 |    66 |    61 ||   153
Dodge: Dodged            |    15 |     3 |    18 |    85 |    56 ||   177

Table legend: (Time is in decaauts)
 A = Elapsed time spent in this place.
 B = Non-inter-level travel time spent in this place.
 C = Inter-level travel time spent in this place.
 D = Time resting spent in this place.
 E = Time spent auto-exploring this place.
 F = Levels seen in this place.
 G = Mean time per level.
                   A        B        C        D        E       F      G
               +--------+--------+--------+--------+--------+-----+--------+
         Total |   3852 |   3852 |      0 |   2322 |    149 |   1 | 3852.0 |
       Dungeon |   3852 |   3852 |      0 |   2322 |    149 |   1 | 3852.0 |
               +--------+--------+--------+--------+--------+-----+--------+

Top non-repeatable levels by time:
       D: 3852 daAuts
